 Dungeon Crawl Stone Soup version 0.17.0-9-g801d43b (console) character file.

99 Kloppie the Sneak (level 4, -2/29 HPs)
             Began as a High Elf Assassin on Nov 10, 2015.
             Slain by Purgy (7 damage)
             ... on level 3 of the Dungeon.
             The game lasted 00:06:41 (2024 turns).

Kloppie the Sneak (High Elf Assassin)               Turns: 2024, Time: 00:06:41

Health: -2/29      AC:  5    Str: 10    XL:     4   Next: 45%
Magic:  5/5        EV: 13    Int: 14    God:
Gold:   89         SH:  0    Dex: 18    Spells: 0 memorised, 3 levels left

rFire  . . .     SeeInvis .     a - +0 dagger (venom)
rCold  . . .     Clarity  .     c - +0 robe
rNeg   . . .     SustAt   .     (no shield)
rPois  .         Gourm    .     h - +0 helmet
rElec  .         Spirit   .     d - +0 cloak
rCorr  .         Warding  .     k - +0 pair of gloves
rMut   .         Stasis   .     (no boots)
MR     .....                    (no amulet)
Stlth  +++.......               (no ring)
                                (no ring)

@: not resistant to hostile enchantments, fairly stealthy
A: no striking features
a: no special abilities


You were on level 3 of the Dungeon.
You were not hungry.

You visited 1 branch of the dungeon, and saw 3 of its levels.

You collected 89 gold pieces.

Inventory:

Hand Weapons
 a - a +0 dagger of venom (weapon)
 b - a +0 blowgun
 F - a +2 dagger
Missiles
 e - 23 poisoned needles
 f - 2 curare-tipped needles
 m - 3 needles of slowing
Armour
 c - a +0 robe (worn)
 d - a +0 cloak (worn)
 h - a +0 helmet (worn)
 k - a +0 pair of gloves (worn)
 D - a +0 buckler
Jewellery
 s - an uncursed ring of magical power {unknown}
Scrolls
 j - 6 scrolls of identify {unknown}
 n - 3 scrolls of random uselessness {unknown}
 o - a scroll of fog {unknown}
 r - a scroll of recharging {unknown}
 v - 3 scrolls of amnesia {unknown}
 x - 2 scrolls of remove curse {unknown}
 y - a scroll of teleportation {unknown}
 A - a scroll of immolation {unknown}
Potions
 i - 3 potions of curing {unknown}
 l - a potion of magic {unknown}
 p - a potion of might {unknown}
 q - 4 potions of brilliance {unknown}
 t - a potion of flight {unknown}
 w - a potion of ambrosia {unknown}
 z - a potion of poison {unknown}
 B - a potion of cure mutation {unknown}
Books
 E - a book of the Tempests

   Spells                             Type                      Level
   a - Static Discharge               Conjuration/Air              3
   b - Lightning Bolt                 Conjuration/Air              5
   c - Fireball                       Conjuration/Fire             5
   d - Tornado                        Air                          9
   e - Shatter                        Earth                        9
Comestibles
 g - 3 bread rations
 u - 7 chunks of flesh
 C - 2 meat rations


   Skills:
 - Level 2.0 Fighting
 + Level 4.2 Short Blades
 + Level 2.9 Throwing
 + Level 2.5 Dodging
 - Level 4.3 Stealth


You had 3 spell levels left.
You didn't know any spells.

Dungeon Overview and Level Annotations

Branches:
Dungeon (3/15)

Altars:
Nemelex Xobeh

Annotations:
D:3 Purgy


Message History

Purgy bites you.
* * * LOW HITPOINT WARNING * * *
Purgy completely misses you. Purgy claws you but does no damage.
You hit Purgy.
Purgy is severely wounded.
Purgy barely misses you. Purgy claws you but does no damage.
Purgy barely misses you.
You hit Purgy.
Purgy is almost dead.
You hit Purgy.
Purgy is almost dead.
Purgy bites you.
* * * LOW HITPOINT WARNING * * *
Purgy claws you.
* * * LOW HITPOINT WARNING * * *
Purgy barely misses you.
You hit Purgy.
Purgy is almost dead.
Purgy bites you!
You die...

#...).......# #..#
#.#########.# #..#
#.# #.# #..# #.#
#######.###..# #.#
#..<.........# #.#
#.#####.####.# #.#
#.# #.# #.#
#.###.#####.# #.#
#...........# #@#
#####.####### #T#
......#
########.######
#######
#(.(.(..........
######(#####.........
#(.....# #..#######
#......# #..(.
#........ .>####
#......### ### ###


You could see Purgy.

Vanquished Creatures
  Ijyb (D:2)
  An adder (D:3)
  2 worms
  A giant gecko (D:3)
  An orc (D:3)
  9 goblins
  5 hobgoblins
  3 kobolds
  A quokka (D:3)
  8 bats
  3 giant cockroaches (D:1)
  2 giant newts
  6 jackals
  11 rats
54 creatures vanquished.

Notes
Turn   | Place    | Note
--------------------------------------------------------------
     0 | D:1      | Kloppie the High Elf Assassin began the quest for the Orb.
     0 | D:1      | Reached XP level 1. HP: 14/14 MP: 2/2
   223 | D:1      | Reached XP level 2. HP: 19/19 MP: 3/3
   965 | D:2      | Reached XP level 3. HP: 24/24 MP: 4/4
   989 | D:2      | Found a faded altar to an unknown god.
  1199 | D:2      | Found a sparkling altar of Nemelex Xobeh.
  1297 | D:2      | Noticed Ijyb
  1319 | D:2      | Killed Ijyb
  1377 | D:2      | Reached XP level 4. HP: 29/29 MP: 5/5
  1995 | D:3      | Noticed Purgy
  2024 | D:3      | Slain by Purgy

Action                   |  1- 3 |  4- 6 || total
-------------------------+-------+-------++-------
Melee: Dagger            |    92 |    39 ||   131
 Fire: Blowgun           |    10 |    11 ||    21
 Stab: Sleeping          |     8 |    10 ||    18
  Eat: Chunk             |     1 |     2 ||     3
